 Dungeon Crawl Stone Soup version 0.28-a0-1038-g9c4cb8273d (webtiles) character file.

Game seed: 2108929639728127380

101 Peloso the Covered (level 4, 0/36 HPs)
             Began as a Minotaur Fighter on Dec 8, 2021.
             Slain by Sigmund (9 damage)
             ... on level 3 of the Dungeon.
             The game lasted 00:04:49 (2298 turns).

Peloso the Covered (Minotaur Fighter)               Turns: 2298, Time: 00:04:50

Health: 0/36       AC: 12    Str: 20    XL:     4   Next: 48%
Magic:  3/3        EV:  9    Int:  7    God:
Gold:   108        SH:  6    Dex: 12    Spells: 3/3 levels left

rFire   . . .      SeeInvis .   a - +1 long sword
rCold   + . .      Faith    .   c - +1 buckler
rNeg    . . .      Spirit   .   b - +0 scale mail
rPois   .          Reflect  .   (helmet restricted)
rElec   .          Harm     .   (no cloak)
rCorr   .          Rampage  .   h - +2 pair of gloves
Will    .....                   (no boots)
Stlth   ..........              (no amulet)
HPRegen 0.12/turn               e - ring of protection from cold
MPRegen 0.08/turn               (no ring)

@: no status effects
A: horns 2, retaliatory headbutt, iridescent scales 1, clever 1, frail 1
a: no special abilities


You were on level 3 of the Dungeon.
You visited 1 branch of the dungeon, and saw 3 of its levels.

You collected 108 gold pieces.

Inventory:

Hand Weapons
 a - a +1 long sword (weapon)
Armour
 b - a +0 scale mail (worn)
 c - a +1 buckler (worn)
 h - a +2 pair of gloves (worn)
Jewellery
 e - a ring of protection from cold (left hand)
Scrolls
 g - 2 scrolls of identify
 k - a scroll of noise
 l - a scroll of vulnerability
Potions
 d - a potion of might


   Skills:
 + Level 4.4 Fighting
 + Level 3.7 Long Blades
 + Level 4.5 Armour
 + Level 0.2 Dodging
 + Level 4.3 Shields


You had 3 spell levels left.
You didn't know any spells.
Your spell library contained the following spells:

 Spells                   Type           Power      Damage    Failure   Level
 Slow                     Hex            0%         N/A       77%         1
 Confusing Touch          Hex            0%         N/A       98%         3
 Vampiric Draining        Necr           0%         2d6       98%         3


Dungeon Overview and Level Annotations

Branches:
Dungeon (3/15)

Altars:

Shops:
D:2 ([

Annotations:
D:3 Sigmund


Innate Abilities, Weirdness & Mutations

You have a pair of horns on your head.
You reflexively headbutt those who attack you in melee.
You are partially covered in iridescent scales. (AC +2)
Your mind is acute. (Int +2)
You are frail. (-10% HP)


Message History

Your +0 buckler glows green for a moment.
Something hits you but does no damage.
As you read the scroll labelled HYCWELUGAT, it crumbles to dust.
You hear a loud clanging noise!
It was a scroll of noise.
Something hits you but does no damage.
You cannot move.
You cannot move.
You cannot move.
You hear some strange, mumbled words.
A puff of flame appears from out of thin air!
The puff of flame misses you. Something hits you. You block something's attack.
Something hits you. Something hits you but does no damage. Something hits you!
You block something's attack. Something hits you but does no damage.
Something hits you.
You hear the rusting of a very distant drain.
Something hits you! Something hits you. Something completely misses you.
Your transformation is almost over.
Something hits you. Something hits you but does no damage.
You block something's attack. Something completely misses you.
Something hits you!
* * * LOW HITPOINT WARNING * * *
Something hits you but does no damage.
A magic dart appears from out of thin air!
The magic dart hits you but does no damage.
You feel less wooden.
Your +2 pair of gloves unmelds from your body.
Your +0 scale mail unmelds from your body.
Something hits you but does no damage. Something hits you but does no damage.
Something hits you!
You die...

##.##
##.......##
##.## #.#
##.....## ###
#.# ##...## #.#
######'## #.#
#......# #.#
#.###..####
#.......#
##.#.#...#.#
........@).#
##.###...#.#####
#. #...{.....#
#.......#.......
#####...#....!..
##.##.#.#... #..
....... #.. ..
#... #.. ... ...


There were no monsters in sight!

Vanquished Creatures
  2 adders (D:2)
  2 worms (D:2)
  A dart slug (D:2)
  9 orcs (D:3)
  3 bats
  5 endoplasms
  A giant cockroach (D:1)
  4 goblins
  3 hobgoblins
  9 jackals
  4 kobolds
  2 quokkas (D:1)
  9 ball pythons
  2 frilled lizards
  5 rats
61 creatures vanquished.

Notes
Turn   | Place    | Note
-------+----------+-------------------------------------------
     0 | D:1      | Peloso the Minotaur Fighter began the quest for the Orb.
     0 | D:1      | Reached XP level 1. HP: 19/19 MP: 0/0
   223 | D:1      | Reached XP level 2. HP: 23/27 MP: 1/1
  1057 | D:1      | Reached XP level 3. HP: 32/33 MP: 2/2
  1413 | D:2      | Found Haeriexir's Weapon Boutique.
  1583 | D:2      | Found Gib Vyont's Armour Emporium.
  1714 | D:2      | Reached XP level 4. HP: 40/40 MP: 3/3
  1870 | D:2      | Found a faded altar of an unknown god.
  2246 | D:3      | Noticed Sigmund
  2254 | D:3      | Gained mutation: You are frail. (-10% HP) [potion of
                  | mutation]
  2254 | D:3      | Gained mutation: Your mind is acute. (Int +2) [potion of
                  | mutation]
  2254 | D:3      | Gained mutation: You are partially covered in iridescent
                  | scales. (AC +2) [potion of mutation]
  2298 | D:3      | Slain by Sigmund

Illustrated notes

Levels and vault maps discovered:
D:1:      nicolae_arrival_somewhat_less_tricky_arrival, layout_basic
D:2:      layout_rooms, serial_shops, shop, nicolae_shop_trees,
          shapermc_ecumenical_altar_notcrosses, grunt_ministairs_13,
          nicolae_elevator_lobby_plus
D:3:      layout_loops_corners, portal_sewer_entry_d, hangedman_decor_lopped,
          uniq_sigmund

Skill      XL: |  1  2  3 |
---------------+----------+-----
Fighting       | 4 |  4.4
Armour         | 4 |  4.5
Shields        | 4 |  4.3
Long Blades    | 3 |  3.7
Dodging        | |  0.2

Action                   |  1- 3 |  4- 6 || total
-------------------------+-------+-------++-------
Melee: Long sword        |    99 |    32 ||   131
       Headbutt          |    19 |     4 ||    23
  Use: Scroll            |       |     4 ||     4
       Potion            |       |     2 ||     2
Armor: Scale mail        |    87 |    18 ||   105
       Skin              |       |    15 ||    15
Dodge: Dodged            |    71 |    16 ||    87
Block: Buckler           |    32 |     8 ||    40

Table legend: (Time is in decaauts)
 A = Elapsed time spent in this place.
 B = Non-inter-level travel time spent in this place.
 C = Inter-level travel time spent in this place.
 D = Time resting spent in this place.
 E = Time spent auto-exploring this place.
 F = Levels seen in this place.
 G = Mean time per level.
                   A        B        C        D        E       F      G
               +--------+--------+--------+--------+--------+-----+--------+
         Total |   2333 |   2192 |    141 |      0 |   1539 |   3 |  777.7 |
       Dungeon |   2333 |   2192 |    141 |      0 |   1539 |   3 |  777.7 |
               +--------+--------+--------+--------+--------+-----+--------+

Top non-repeatable levels by time:
     D:1: 1371 daAuts
     D:2: 691 daAuts
     D:3: 270 daAuts
